 Dungeon Crawl Stone Soup version 0.18-a0-796-g4b90cf5 (webtiles) character file.

209 Proton the Cudgeler (level 5, -1/57 HPs)
             Began as an Ogre Fighter on Dec 14, 2015.
             Slain by Purgy (7 damage)
             ... in a sewer.
             The game lasted 00:05:58 (2560 turns).

Proton the Cudgeler (Ogre Fighter)                  Turns: 2560, Time: 00:05:59

Health: -1/57      AC:  3    Str: 27    XL:     5   Next: 87%
Magic:  5/5        EV: 10    Int:  7    God:
Gold:   180        SH:  9    Dex:  9    Spells: 0 memorised, 4 levels left

rFire  . . .     SeeInvis .     t - +0 morningstar
rCold  . . .     Clarity  .     b - +0 robe
rNeg   . . .     SustAt   .     c - +0 shield
rPois  +         Gourm    .     (helmet restricted)
rElec  .         Spirit   .     (no cloak)
rCorr  .         Dismiss  .     (gloves unavailable)
rMut   .         Stasis   .     (boots unavailable)
MR     .....                    (no amulet)
Stlth  +.........               r - +2 ring of evasion
                                q - ring of poison resistance

@: mighty, not resistant to hostile enchantments, very unstealthy
A: unfitting armour, tough skin 1
a: no special abilities


You were in a sewer.
You were not hungry.

You visited 1 branch of the dungeon, and saw 3 of its levels.
You also visited: Sewer.

You collected 180 gold pieces.

Inventory:

Hand Weapons
 t - a +0 morningstar (weapon)
Armour
 b - a +0 robe (worn)
 c - a +0 shield (worn)
Jewellery
 q - a ring of poison resistance (left hand)
 r - a +2 ring of evasion (right hand)
Wands
 a - a wand of random effects (15)
Scrolls
 e - 5 scrolls of identify {unknown}
 g - 3 scrolls of noise {unknown}
 h - 4 scrolls of fear {unknown}
 l - 3 scrolls of remove curse {unknown}
 n - a scroll of random uselessness {unknown}
 p - 2 scrolls of amnesia {unknown}
Potions
 i - a potion of lignification {unknown}
 j - a potion of flight {unknown}
 k - a potion of curing {unknown}
 o - a potion of cancellation {unknown}
 s - a potion of heal wounds {unknown}
 u - a potion of berserk rage {unknown}
Comestibles
 f - 4 bread rations
 m - 2 meat rations


   Skills:
 + Level 5.3 Fighting
 * Level 6.2 Maces & Flails
 + Level 3.4 Dodging
 - Level 2.6 Shields


You had 4 spell levels left.
You didn't know any spells.

Dungeon Overview and Level Annotations

Branches:
Dungeon (3/15)

Altars:

Annotations:
Sewer Purgy


Innate Abilities, Weirdness & Mutations

You are too large for most types of armour.
You have tough skin (AC +1).


Message History

You block its attack.
You barely miss something. You block its attack.
Something claws you but does no damage. Something claws you.
You closely miss something. Something bites you. Something claws you.
* * * LOW HITPOINT WARNING * * *
Something claws you.
* * * LOW HITPOINT WARNING * * *
You miss something. You block its attack. Something claws you.
* * * LOW HITPOINT WARNING * * *
Something claws you.
* * * LOW HITPOINT WARNING * * *
Something bites you.
* * * LOW HITPOINT WARNING * * *
Something claws you.
* * * LOW HITPOINT WARNING * * *
Something claws you but does no damage.
Drink which item? (? for menu, Esc to quit)
You feel very mighty all of a sudden. Something bites you!
You die...

##...## ##.## #.# #.#
#.# . #.# ... #.#
.....####.###########
...............{@∩..#
.....################
... .


There were no monsters in sight!

Vanquished Creatures
  2 orc priests (D:3)
  A worker ant (D:3)
  3 adders
  4 worms
  3 giant geckos
  8 orcs (D:3)
  12 bats
  5 giant cockroaches
  11 hobgoblins
  8 jackals (D:1)
  A quokka (D:2)
  A ball python (D:2)
  5 giant newts
  6 goblins
  8 kobolds
  5 rats
83 creatures vanquished.

Notes
Turn   | Place    | Note
--------------------------------------------------------------
     0 | D:1      | Proton the Ogre Fighter began the quest for the Orb.
     0 | D:1      | Reached XP level 1. HP: 24/24 MP: 1/1
   163 | D:1      | Reached XP level 2. HP: 28/32 MP: 2/2
   406 | D:1      | Reached XP level 3. HP: 40/40 MP: 3/3
  1374 | D:2      | Reached XP level 4. HP: 47/49 MP: 4/4
  1812 | D:3      | Reached skill level 5 in Maces & Flails
  1842 | D:3      | Reached skill level 5 in Fighting
  1842 | D:3      | Reached XP level 5. HP: 49/57 MP: 5/5
  2201 | D:3      | Reached skill level 6 in Maces & Flails
  2266 | D:3      | Found a glowing drain.
  2284 | Sewer    | Entered a sewer
  2515 | Sewer    | Noticed Purgy
  2560 | Sewer    | Slain by Purgy

Vault maps used:
D:1:      dpeg_arrival_boxes_within_box, serial_curves, eino_curves_03,
          eino_curves_03
D:2:      first_bread
D:3:      nicolae_overflow_hidden_temple, portal_sewer_entry_d
Sewer:    sewer_big_baddie

Action                   |  1- 3 |  4- 6 || total
-------------------------+-------+-------++-------
Melee: Flail             |   134 |    36 ||   170
       Morningstar       |       |    82 ||    82
Evoke: Wand              |       |     3 ||     3
  Use: Potion            |       |     1 ||     1
  Eat: Beef jerky        |     1 |       ||     1
       Meat ration       |       |     1 ||     1
